Map: Ultralove

Players

SubN

  • Race: Zerg Zerg
  • League: Diamond
  • Spawn Location: 1:00

PanchoVilla - Winner!

  • Race: Protoss Protoss
  • League: Platinum
  • Spawn Location: 7:00

VOD

Have the link to the VOD?

Description

Time

  • Played on: July 31, 2025, 5:41 p.m.
  • Length: 24:27
Show
View Real Time Build Order
Export as new Build Order

SubN Zerg 

Build Orders: Hatch First, Lurkers 

Get SALT Encoding   

  12  0:00  Drone  
  13  0:12  Overlord  
  13  0:18  Drone  
  14  0:31  Drone x2  
  16  0:48  Hatchery  
  15  0:51  Drone  
  15  0:55  Drone  
  17  0:58  Drone  
  18  1:07  Extractor  
  17  1:14  Spawning Pool  
  17  1:17  Drone  
  17  1:20  Drone  
  18  1:28  Drone  
  19  1:45  Drone  
  20  1:50  Drone  
  21  2:02  Queen x2  
  21  2:03  Zergling x4  
  27  2:14  Metabolic Boost  
  27  2:17  Overlord  
  27  2:23  Overlord  
  27  2:29  Drone  
  28  2:46  Queen  
  28  2:47  Hatchery  
  29  2:51  Drone  
  29  2:52  Drone  
  29  2:55  Drone  
  29  2:57  Drone  
  33  3:06  Drone x3  
  33  3:09  Drone  
  37  3:15  Drone x2  
  37  3:16  Drone  
  40  3:24  Drone x3  
  43  3:31  Overlord  
  43  3:35  Overlord  
  43  3:47  Roach Warren  
  42  3:48  Spore Crawler  
  42  3:50  Spore Crawler  
  40  4:01  Queen  
  42  4:04  Drone x2  
  42  4:07  Drone, Extractor  
  44  4:10  Drone x2  
  44  4:12  Drone x3  
  49  4:17  Extractor, Queen, Spore Crawler  
  49  4:27  Overlord  
  49  4:28  Overlord  
  49  4:31  Roach x3  
  55  4:44  Lair  
  55  4:48  Drone  
  55  4:50  Roach x4  
  55  4:52  Drone x3  
  67  5:02  Queen  
  67  5:05  Queen  
  71  5:18  Overlord x2  
  70  5:29  Roach  
  70  5:30  Roach  
  70  5:31  Overlord x2  
  74  5:44  Zergling x2  
  74  5:45  Zergling x26  
  88  5:53  Ravager x4  
  92  6:00  Overseer  
  92  6:06  Overseer  
  92  6:11  Drone x10  
  92  6:12  Drone x3  
  105  6:27  Hatchery  
  105  6:31  Overlord x3  
  89  7:06  Drone x4  
  93  7:09  Extractor x2  
  93  7:14  Extractor  
  90  7:18  Drone x3  
  90  7:19  Hydralisk Den  
  90  7:21  Drone x3  
  95  7:25  Drone  
  95  7:26  Drone  
  87  7:49  Hydralisk x6  
  87  7:50  Hydralisk x5  
  103  7:52  Queen  
  103  7:57  Drone x2  
  103  7:58  Drone  
  105  8:03  Grooved Spines  
  102  8:10  Hydralisk  
  102  8:11  Hydralisk  
  80  8:29  Hydralisk  
  80  8:30  Hydralisk x4  
  82  8:37  Zergling x12  
  82  8:38  Zergling x10  
  93  8:52  Overseer x2  
  93  8:53  Muscular Augments  
  93  9:01  Drone  
  93  9:02  Drone x3  
  97  9:03  Queen  
  97  9:05  Zergling x2  
  97  9:06  Zergling x16  
  108  9:14  Extractor  
  108  9:16  Hydralisk  
  108  9:17  Hydralisk x9, Extractor  
  124  9:30  Hydralisk  
  126  9:36  Lurker Den  
  125  9:41  Infestation Pit  
  93  10:13  Drone x2  
  93  10:14  Drone x4  
  95  10:21  Spire  
  97  10:22  Hydralisk x7  
  111  10:31  Overlord x3  
  111  10:32  Overlord x2  
  111  10:33  Overseer  
  111  10:35  Overseer  
  111  10:56  Hive  
  111  11:05  Drone x15  
  111  11:06  Drone  
  111  11:08  Hydralisk  
  111  11:09  Hydralisk x3  
  135  11:13  Lurker x2  
  135  11:14  Lurker  
  135  11:16  Lurker  
  139  11:25  Drone x4  
  143  11:49  Lurker x4  
  143  11:50  Lurker  
  143  11:52  Zergling x2  
  143  11:53  Hatchery  
  128  12:22  Seismic Spines  
  128  12:23  Overseer x2  
  128  12:29  Zergling x4  
  127  12:31  Zergling x10  
  127  12:34  Hydralisk x5  
  127  12:35  Hydralisk  
  143  12:37  Overlord x5  
  143  12:56  Drone  
  143  12:58  Viper x4  
  144  13:05  Overseer x2  
  156  13:06  Overseer  
  156  13:10  Drone  
  156  13:11  Drone x4  
  161  13:14  Drone x4, Queen  
  161  13:19  Adaptive Talons  
  167  13:24  Zergling x2  
  168  13:38  Viper x2  
  168  13:40  Evolution Chamber x2  
  172  13:42  Hatchery  
  171  13:49  Hydralisk  
  171  13:51  Overlord  
  171  13:52  Overlord x6  
  173  13:57  Lurker  
  174  14:17  Hydralisk x3  
  174  14:18  Hydralisk x2  
  177  14:52  Hydralisk x4  
  169  14:53  Hydralisk  
  167  15:06  Hydralisk x12  
  177  15:12  Hydralisk  
  177  15:13  Hydralisk x4  
  199  15:17  Lurker  
  200  15:27  Zerg Missile Weapons Level 1  
  200  15:28  Adrenal Glands, Zerg Ground Armor Level 1  
  127  17:02  Corruptor x14  
  127  17:03  Corruptor x6  
  167  17:12  Viper x3  
  176  17:19  Zergling x16  
  184  17:30  Drone x5  
  184  17:31  Drone  
  184  17:33  Queen  
  192  17:37  Greater Spire  
  192  17:38  Zerg Missile Weapons Level 2  
  192  17:39  Zerg Ground Armor Level 2  
  185  17:54  Hydralisk x8  
  200  18:18  Spine Crawler  
  199  18:20  Spine Crawler  
  199  18:21  Spine Crawler  
  199  18:26  Spine Crawler x2  
  195  18:51  Spine Crawler x2, Brood Lord x3  
  195  18:52  Spine Crawler x3, Brood Lord  
  195  18:53  Spine Crawler x2, Brood Lord  
  195  18:54  Spine Crawler, Brood Lord  
  195  18:55  Spine Crawler, Brood Lord  
  200  18:56  Spine Crawler x2, Brood Lord  
  158  19:44  Corruptor x4  
  153  19:51  Hydralisk x4  
  153  19:52  Hydralisk x15  
  183  19:59  Overlord  
  187  20:00  Overlord x2  
  187  20:01  Corruptor x3  
  137  20:47  Hydralisk x15  
  137  20:48  Hydralisk  
  153  21:17  Roach  
  153  21:18  Roach x11  
  141  21:41  Hydralisk x10  
  159  21:52  Extractor  
  148  22:11  Hydralisk x4  
  148  22:12  Hydralisk x2  
  134  22:23  Hydralisk x3  
  114  22:51  Roach x4  
  112  22:56  Drone x2  
  112  22:57  Drone, Extractor  
  116  23:21  Corruptor  
  116  23:24  Hatchery  
  116  23:26  Extractor  
  116  23:30  Spine Crawler, Extractor  
  114  23:45  Spine Crawler x2  
  114  23:46  Spine Crawler  
  111  23:48  Spine Crawler  
  111  23:50  Spine Crawler  
Show
View Real Time Build Order
Export as new Build Order

PanchoVilla Protoss - Winner!

Build Orders: Nexus First, Zealot Archon 

Get SALT Encoding   

  1  0:00  Probe  
  12  0:05  Probe  
  14  0:15  Probe  
  15  0:28  Pylon  
  15  0:50  Nexus  
  15  0:57  Pylon  
  15  1:15  Forge, Probe  
  16  1:19  Gateway  
  16  1:27  Probe  
  17  1:35  Probe  
  18  1:43  Probe  
  18  1:51  Photon Cannon  
  18  1:54  Probe  
  20  2:06  Probe x2  
  22  2:12  Cybernetics Core  
  22  2:13  Pylon  
  22  2:14  Probe  
  22  2:15  Probe  
  24  2:23  Assimilator  
  24  2:27  Probe, Assimilator  
  24  2:28  Probe  
  26  2:38  Probe  
  26  2:40  Assimilator  
  26  2:42  Probe, Assimilator  
  28  2:53  Probe  
  28  2:54  Probe  
  28  2:56  Stalker  
  30  3:04  Shield Battery x2  
  32  3:07  Pylon  
  32  3:15  Probe x2  
  32  3:18  Zealot  
  34  3:20  Warp Gate  
  36  3:27  Probe x2  
  36  3:32  Pylon, Protoss Ground Weapons Level 1  
  38  3:39  Probe x2  
  38  3:40  Zealot  
  42  3:51  Probe x2  
  44  3:59  Stalker  
  44  4:03  Probe  
  44  4:04  Probe  
  48  4:10  Twilight Council  
  48  4:16  Probe x2  
  50  4:24  Pylon  
  50  4:28  Probe x2  
  50  4:30  Stalker  
  52  4:37  Charge  
  54  4:40  Probe x2  
  56  4:50  Templar Archives  
  56  4:54  Robotics Facility  
  56  4:59  Probe x2  
  58  5:00  Pylon  
  58  5:03  Pylon  
  58  5:22  Gateway x2  
  58  5:24  Gateway, Protoss Ground Armor Level 1  
  58  5:25  Gateway  
  58  5:31  Stargate x2  
  58  5:36  Psionic Storm  
  58  5:38  Probe  
  58  5:40  Probe  
  60  5:50  Observer  
  60  5:51  Probe  
  60  5:53  Probe  
  63  5:58  Nexus  
  63  6:00  Pylon  
  63  6:03  Probe  
  64  6:05  Probe  
  64  6:08  Observer  
  66  6:15  Probe  
  66  6:18  Fleet Beacon  
  67  6:19  Gateway  
  67  6:22  Probe  
  68  6:26  Shield Battery  
  68  6:27  Probe  
  68  6:31  Pylon  
  69  6:34  Probe  
  70  6:40  High Templar x3  
  70  6:46  Archon  
  68  6:49  Zealot x2  
  59  6:55  Tempest x2  
  54  7:12  Probe x2  
  56  7:19  Zealot x4  
  56  7:20  Zealot x2  
  68  7:24  Probe x2  
  66  7:41  Zealot x6  
  70  7:52  Nexus  
  70  8:16  Tempest  
  70  8:17  Tempest  
  66  8:37  Protoss Ground Weapons Level 2, Zealot x6  
  76  8:55  Probe x2, Nexus  
  78  8:59  Tempest  
  78  9:00  High Templar x2  
  86  9:11  Observer  
  86  9:15  Zealot x3  
  86  9:16  Zealot  
  95  9:28  Observer  
  96  9:31  Pylon  
  96  9:33  Pylon, Probe x3  
  98  9:45  Probe x3  
  80  10:13  High Templar x6  
  88  10:19  Nexus  
  88  10:21  Photon Cannon x2  
  88  10:25  Photon Cannon  
  88  10:26  Photon Cannon  
  88  10:27  Shield Battery x2  
  88  10:28  Shield Battery  
  88  10:29  Probe x2  
  88  10:30  Probe  
  91  10:45  Pylon  
  91  10:48  Probe x3  
  94  10:50  Assimilator  
  94  10:55  Assimilator  
  94  10:59  Gateway  
  94  11:00  Probe x2  
  94  11:01  Probe  
  97  11:09  Pylon  
  97  11:12  Pylon, Probe  
  97  11:13  Probe x2  
  97  11:14  Pylon  
  100  11:19  High Templar x4  
  100  11:20  High Templar  
  100  11:24  Probe, Archon x2  
  100  11:25  Probe x2, High Templar  
  113  11:29  Archon  
  115  11:34  Probe  
  115  11:37  Probe x3  
  119  11:46  Probe  
  119  11:47  Shield Battery  
  120  11:49  Probe  
  120  11:50  Photon Cannon  
  120  11:51  Photon Cannon  
  120  11:53  Pylon  
  121  11:56  Pylon  
  121  11:57  Probe x2  
  121  11:58  Probe  
  121  11:59  Pylon  
  121  12:01  Probe  
  125  12:03  Pylon  
  125  12:09  Probe x2  
  125  12:14  Assimilator  
  127  12:18  Assimilator  
  127  12:22  Tempest x2  
  135  12:51  Zealot x6  
  139  12:52  Zealot  
  149  12:59  Probe x4  
  149  13:05  Shield Battery, Tempest x2  
  153  13:06  Photon Cannon  
  153  13:10  Gateway x2  
  153  13:11  Probe x4  
  153  13:12  Gateway  
  165  13:15  Gateway  
  165  13:16  Gateway  
  165  13:23  Probe x4  
  165  13:26  Protoss Ground Weapons Level 3  
  169  13:31  Forge x2  
  169  13:38  Cybernetics Core  
  169  13:40  Pylon  
  169  13:44  Pylon  
  169  13:47  Pylon  
  169  13:58  Blink  
  169  13:59  Tempest  
  173  14:03  Tempest  
  176  14:25  Pylon  
  176  14:27  Pylon x2  
  176  14:28  Pylon  
  176  14:30  Pylon  
  176  14:31  Nexus  
  174  14:40  Zealot x3  
  174  14:41  Zealot x4  
  174  14:42  Zealot x3  
  174  14:43  Zealot  
  166  15:12  Nexus  
  166  15:14  Pylon  
  166  15:17  Photon Cannon  
  166  15:21  Photon Cannon  
  166  15:23  Probe, Photon Cannon  
  166  15:24  Unknown, Probe x2  
  169  15:29  Shield Battery  
  169  15:31  Shield Battery, Photon Cannon  
  169  15:32  Photon Cannon  
  169  15:51  Photon Cannon  
  169  15:53  Photon Cannon  
  169  15:55  Photon Cannon  
  169  15:57  Photon Cannon  
  169  16:06  Zealot x6  
  169  16:07  Zealot x2  
  169  16:09  Zealot  
  147  16:33  Zealot x2  
  147  16:34  Zealot x7  
  147  16:35  Zealot x2  
  126  16:54  Stalker x2  
  126  16:55  Stalker x7  
  126  16:56  Stalker  
  146  17:13  Assimilator  
  146  17:15  Assimilator  
  146  17:17  Gateway  
  146  17:20  Stalker  
  146  17:21  Stalker x3  
  146  17:22  Gateway, Stalker x2  
  158  17:32  Gateway  
  158  17:34  Gateway, Tempest  
  158  17:35  Tempest  
  166  17:42  Stargate  
  166  17:44  Stargate  
  166  17:46  Stargate  
  166  17:49  Stargate  
  166  17:52  Pylon  
  166  17:58  Observer  
  167  18:12  Observer  
  167  18:14  Zealot x4  
  167  18:15  Zealot x5  
  167  18:16  Zealot x3  
  192  18:29  Observer  
  193  18:40  Tempest  
  169  19:33  Stalker  
  169  19:35  Stalker x5  
  169  19:36  Stalker x5  
  169  19:37  Stalker x4  
  166  19:53  Tempest  
  166  19:54  Tempest x5  
  190  20:14  Protoss Air Weapons Level 1, Protoss Air Armor Level 1  
  172  20:25  Nexus  
  152  20:36  Tempest x3  
  144  20:54  Zealot  
  144  20:55  Zealot x6  
  144  20:56  Zealot x5  
  160  20:57  Zealot x3  
  118  22:03  Zealot  
  118  22:04  Zealot x7  
  118  22:05  Zealot x6  
  118  22:06  Zealot  
  120  22:29  Zealot x5  
  120  22:30  Zealot x6  
  120  22:31  Zealot x4  
  122  22:52  Pylon  
  122  22:54  Pylon  
  122  22:55  Tempest  
  122  22:56  Pylon, Tempest x5  
  146  23:01  Pylon  
  146  23:05  Pylon  
  146  23:07  Assimilator  
  146  23:09  Assimilator  
  146  23:19  Nexus  
  146  23:38  Tempest x3  
  146  23:39  Tempest x3  
  170  23:52  Stalker  
  170  23:53  Stalker x5  
  170  23:54  Stalker x6  
  170  23:55  Stalker  
  196  23:56  Zealot  
Tags
 
Add a new tag
Caveats
  • Supply blocks, unpowered buildings, or Contaminate may cause inaccurate times.
  • Supply counts are checked every 10 seconds.